 Dungeon Crawl Stone Soup version 0.29.1-2-gbd0b4ee654 (webtiles) character file.

Game seed: 16185090477106484705

8 Icepheonix32 the Grave Robber (level 2, -4/15 HPs)
             Began as a Deep Elf Necromancer on Oct 31, 2022.
             Killed from afar by Natasha (7 damage)
             ... with a magic dart
             ... on level 2 of the Dungeon.
             The game lasted 00:00:54 (286 turns).

Icepheonix32 the Grave Robber (Deep Elf Necromancer) Turns: 286, Time: 00:00:55

Health: -4/15      AC:  2    Str:  5    XL:     2   Next: 0%
Magic:  6/8        EV: 12    Int: 19    God:
Gold:   36         SH:  0    Dex: 15    Spells: 6/7 levels left

rFire   . . .      SeeInvis .   d - +1 short sword
rCold   . . .      Faith    .   (no shield)
rNeg    . . .      Spirit   .   a - +0 robe
rPois   .          Reflect  .   (no helmet)
rElec   .          Harm     .   (no cloak)
rCorr   .          Rampage  .   (no gloves)
Will    .....                   (no boots)
Stlth   ++........              (no amulet)
HPRegen 0.05/turn               (no ring)
MPRegen 0.11/turn               (no ring)

@: attractive, slowed, very slow
A: no striking features
a: no special abilities


You were on level 2 of the Dungeon.
You visited 1 branch of the dungeon, and saw 2 of its levels.

You collected 36 gold pieces.

Inventory:

Hand Weapons
 d - a +1 short sword (weapon)
Armour
 a - a +0 robe (worn)
Potions
 b - a potion of magic


   Skills:
 - Level 2.4 Dodging
 - Level 2.4 Stealth
 - Level 3.0 Spellcasting
 + Level 5.4 Necromancy


You had 6 spell levels left.
You knew the following spells:

 Your Spells              Type           Power      Damage    Failure   Level
a - Necrotise             Necr           92%        1d8       1%          1

Your spell library contained the following spells:

 Spells                   Type           Power      Damage    Failure   Level
 Vampiric Draining        Necr           23%        2d7       4%          3
 Animate Dead             Necr           23%        N/A       17%         4
 Agony                    Necr           23%        N/A       43%         5


Dungeon Overview and Level Annotations

Branches:
Dungeon (2/15)

Altars:

Annotations:
D:2 Natasha


Message History

As you read the scroll labelled OFAORH ECUEFO, it crumbles to dust.
It is a scroll of identify.
f - a scroll of enchant weapon The crimson imp closely misses you.
The crimson imp hits you but does no damage.
Unknown command.
Casting: Necrotise (safe; 1% risk of failure)
Confirm with . or Enter, or press ? or * to list all spells.
You can't see any susceptible monsters within range! (Use Z to cast anyway.)
Okay, then.
As you read the scroll of enchant weapon, it crumbles to dust.
Your +0 short sword glows red for a moment.
The crimson imp hits you. x2
You hit the crimson imp.
The crimson imp is lightly wounded.
The crimson imp blinks!
The crimson imp hits you.
You hit the crimson imp.
The crimson imp is moderately wounded.
The crimson imp blinks!
The crimson imp misses you. Natasha is attracted toward you.
The iron imp is attracted toward you.
The crimson imp is attracted toward you.
You miss the crimson imp.
The crimson imp is lightly wounded.
The crimson imp disappears in a puff of smoke!
Natasha casts a spell at you.
You feel yourself slow down. The crimson imp misses you.
You hit Natasha.
Natasha is moderately wounded.
Natasha claws you.
The crimson imp blinks!
Natasha claws you!
Ouch! That really hurt!
* * * LOW HITPOINT WARNING * * *
Unknown command.
You hit Natasha but do no damage.
Natasha is moderately wounded.
Natasha claws you but does no damage. The crimson imp hits your butterfly.
Your butterfly dies!
Your butterfly disappears in a burst of colours!
Natasha casts a spell at you. The magic dart hits you!
You die...

### #.. ### #.#
#...##.####..#
.#..)ยง.$5h..#
... #5# #.# #h#
##.###@#
#...##.#
#...##5#
#...##.#
#......#
########..#####
#.........#
#.#######.##
##.######(..#


You could see an iron imp (summoned), Natasha and a crimson imp (summoned).

Vanquished Creatures
  A ball python (D:1)
  2 goblins
  A hobgoblin (D:1)
  A frilled lizard (D:1)
  A kobold (D:1)
6 creatures vanquished.

Vanquished Creatures (collateral kills)
  A goblin (D:1)
1 creature vanquished.

Grand Total: 7 creatures vanquished

Notes
Turn   | Place    | Note
-------+----------+-------------------------------------------
     0 | D:1      | Icepheonix32 the Deep Elf Necromancer began the quest for
                  | the Orb.
     0 | D:1      | Reached XP level 1. HP: 10/10 MP: 6/6
    46 | D:1      | Reached skill level 5 in Necromancy
   109 | D:1      | Found a faded altar of an unknown god.
   242 | D:1      | You fall into a shaft and drop 1 floor!
   270 | D:2      | Noticed Natasha
   272 | D:2      | Noticed a crimson imp
   273 | D:2      | Reached XP level 2. HP: 12/15 MP: 5/8
   273 | D:2      | Noticed a crimson imp
   286 | D:2      | Killed from afar by Natasha

Illustrated notes

Levels and vault maps discovered:
D:1:      shiori_arrival_oz, layout_basic,
          chequers_ecumenical_altar_simple_redux
D:2:      layout_loops_ring, uniq_natasha, uniq_crazy_yiuf_cottage

Skill      XL: |  1 |
---------------+----+-----
Necromancy     | 5 |  5.4
Dodging        | |  2.4
Stealth        | |  2.4
Spellcasting   | |  3.0

Action                   || total
-------------------------++-------
Melee: Short sword       ||     8
 Cast: Necrotise         ||     7
  Use: Scroll            ||     3
       Potion            ||     2
Armor: Robe              ||     2
Dodge: Dodged            ||     8
